 Dungeon Crawl Stone Soup version 0.30.0-29-ga12c61a403 (webtiles) character file.

Game seed: 10379801026570794887

116 Edyrem the Covered (level 5, -2/43 HPs)
             Began as a Barachi Fighter on June 6, 2023.
             Killed from afar by an orc wizard (10 damage)
             ... with a magic dart
             ... on level 3 of the Dungeon.
             The game lasted 00:06:11 (2547 turns).

Edyrem the Covered (Barachi Fighter)                Turns: 2547, Time: 00:06:12

Health: -2/43      AC:  7    Str: 19    XL:     5   Next: 1%
Magic:  5/5        EV:  9    Int:  9    God:
Gold:   144        SH:  0    Dex: 11    Spells: 4/4 levels left

rFire   + . .        a - +0 long sword
rCold   . . .        c - +0 buckler
rNeg    + . .        b - +0 scale mail
rPois   .            (no helmet)
rElec   .            (no cloak)
rCorr   .            (no gloves)
SInv    .            (no boots)
Will    .....        o - amulet of faith Stlth
                     f - ring of protection from fire
HPRegen 0.27/turn    g - ring of positive energy
MPRegen 0.09/turn

%: faith
@: confused, slow
A: amphibious, slowness 1, strong legs 1, +LOS
a: Hop


You were on level 3 of the Dungeon.
You visited 1 branch of the dungeon, and saw 4 of its levels.

You collected 222 gold pieces.
You spent 78 gold pieces at shops.

Inventory:

Hand Weapons
 a - a +0 long sword (weapon)
Missiles
 e - 3 javelins
Armour
 b - a +0 scale mail (worn)
 c - a +0 buckler (worn)
Jewellery
 f - a ring of protection from fire (left hand)
 g - a ring of positive energy (right hand)
 m - a ring of fire
 o - an amulet of faith (around neck)
 q - a ring of poison resistance
Scrolls
 h - a scroll of identify {@r1}
 i - a scroll of poison
 j - a scroll of blinking
 k - 2 scrolls of fog {unknown}
 n - a scroll of noise {unknown}
Potions
 d - 2 potions of might
 l - a potion of berserk rage
 p - a potion of cancellation {unknown}


   Skills:
 + Level 4.4 Fighting
 * Level 4.2 Long Blades
 + Level 4.4 Armour
 + Level 3.9 Shields


You had 4 spell levels left.
You didn't know any spells.
Your spell library contained the following spells:

 Spells                   Type           Power      Damage    Failure   Level
 Sublimation of Blood     Necr           0%         N/A       91%         2
 Wereblood                Tmut           0%         N/A       91%         2
 Summon Hydra             Summ           0%         N/A       100%        7


Dungeon Overview and Level Annotations

Branches:
Dungeon (4/15)
 Temple: D:4-7

Altars:
Yredelemnul

Shops:
D:2 ?:(


Innate Abilities, Weirdness & Mutations

You are amphibious.
You cover ground slowly.
You can hop short distances.
You have an extended range of vision and can be seen from far away.


Message History

The orc wizard flickers and vanishes!
Deactivating autopickup; reactivate with Ctrl-A.
You barely miss something. Something hits you.
Something hits you but does no damage.
You see here a +0 whip.
You feel less confused. Something hits you.
There is a stone staircase leading down here.
You closely miss something.
You hear some strange, mumbled words.
You are confused.
Something hits you. Something hits you.
You hear some strange, mumbled words.
You are more confused.
You completely miss something.
You hear some strange, mumbled words.
A magic dart appears from out of thin air!
The magic dart hits you. Something hits you but does no damage.
You hear some strange, mumbled words.
You are more confused.
A magic dart appears from out of thin air!
The magic dart hits you.
* * * LOW HITPOINT WARNING * * *
Something hits you.
* * * LOW HITPOINT WARNING * * *
Something hits you but does no damage.
You miss something. Something hits you but does no damage.
You miss something. Something hits you but does no damage.
You hear some strange, mumbled words.
Something tries to affect you, but you resist.
You hear some strange, mumbled words.
You are more confused.
You're too confused to move!
Something hits you.
* * * LOW HITPOINT WARNING * * *
A magic dart appears from out of thin air!
The magic dart hits you!
You die...

#...######......#.............
#...............'.............
#...............#.............
#...................##........
#.........................#...
#.......##.......^............
###................####.......
#...................####....
###..........@................
#..........{..................
#..........).#................
#............#.......##....##.
#>...........###............#.
#......##....# #......#.....#.
#......##....# #......#.....#.
#......##....###......#.....#.
#......##.#.#...............#.


There were no monsters in sight!

Vanquished Creatures
  5 adders
  3 worms
  6 ball pythons
  9 bats
  5 endoplasms
  3 giant cockroaches
  6 hobgoblins
  4 jackals
  A quokka (D:2)
  4 frilled lizards
  2 goblins (D:1)
  7 kobolds
  6 rats
61 creatures vanquished.

Notes
Turn   | Place    | Note
-------+----------+-------------------------------------------
     0 | D:1      | Edyrem the Barachi Fighter began the quest for the Orb.
     0 | D:1      | Reached XP level 1. HP: 18/18 MP: 1/1
   146 | D:1      | Reached XP level 2. HP: 25/25 MP: 2/2
   738 | D:2      | Reached XP level 3. HP: 30/30 MP: 3/3
   942 | D:2      | Found Ecirghugu's Book Emporium.
   959 | D:2      | Found a basalt altar of Yredelemnul.
  1057 | D:2      | Found Viuton's Magic Scroll Boutique.
  1294 | D:2      | Reached XP level 4. HP: 35/37 MP: 4/4
  1395 | D:2      | Bought 2 scrolls of identify for 52 gold pieces
  1395 | D:2      | Bought a scroll of identify for 26 gold pieces
  1781 | D:2      | Found Zogguho's Weapon Shoppe.
  2502 | D:4      | Noticed a phantom
  2509 | D:4      | Reached XP level 5. HP: 40/43 MP: 5/5
  2547 | D:3      | Killed from afar by an orc wizard

Illustrated notes

Levels and vault maps discovered:
D:1:      nicolae_arrival_memento_mori, layout_basic,
          minmay_misc_feat_nine_boxes, minmay_misc_feat_ornament,
          chequers_serial_rivers_micro_c, dk_noncrumbling_3,
          chequers_serial_rivers_micro_c
D:2:      layout_basic, serial_shops, shop, nicolae_shop_stone, shop_coins,
          basic_altar
D:3:      layout_basic, hex_large, dreamdust_princess_bridge
D:4:      layout_loops_corners, jmf_multi_god_temple,
          mainiacjoe_overflow_chevrons, minmay_ruined_shrine

Skill      XL: |  1  2  3  4 |
---------------+-------------+-----
Long Blades    | 3 4 |  4.2
Fighting       | 4 |  4.4
Armour         | 4 |  4.4
Shields        | |  3.9

Action                     |  1- 3 |  4- 6 || total
---------------------------+-------+-------++-------
  Melee: Long sword        |   126 |    77 ||   203
    Use: Scroll            |       |     4 ||     4
 Armour: Scale mail        |    46 |    38 ||    84
  Dodge: Dodged            |    58 |    35 ||    93
  Block: Buckler           |    30 |    15 ||    45
